 Dungeon Sprint DCSS version 0.27-a0-1196-g3e9cee4cb2 (webtiles) character file.

Game seed: 1027007510610425974

113 EldarEldrad the Chopper (level 4, -3/72 HPs)
             Began as a Minotaur Berserker on May 27, 2021.
             Was a Follower of Trog.
             Succumbed to Sigmund's poison
             ... in the Dungeon (Sprint I: "Red Sonja").
             The game lasted 00:00:58 (330 turns).

EldarEldrad the Chopper (Minotaur Berserker)         Turns: 330, Time: 00:00:59

Health: -3/72      AC:  6    Str: 22    XL:     4   Next: 65%
Magic:  3/3        EV: 12    Int:  4    God:    Trog [*.....]
Gold:   0          SH:  0    Dex: 10    Spells: 3/3 levels left

rFire    . . .     SeeInvis .   a - +0 hand axe
rCold    . . .     Faith    .   (no shield)
rNeg     . . .     Spirit   .   i - +0 ring mail
rPois    .         Reflect  .   (helmet restricted)
rElec    .         Harm     .   (no cloak)
rCorr    .         Rampage  .   (no gloves)
Will     .....     NoTele   +   (no boots)
Stlth    ..........             (no amulet)
HPRegen  0.22/turn              (no ring)
MPRegen  0.08/turn              (no ring)

@: berserking, lethally poisoned (-3 -> -41), very quick
A: horns 2, retaliatory headbutt
a: Renounce Religion, Berserk


You were in the Dungeon.
You worshipped Trog.
Trog was aware of your devotion.
You visited 1 branch

Inventory:

Hand Weapons
 a - a +0 hand axe (weapon)
Armour
 i - a +0 ring mail (worn)
Scrolls
 h - a scroll of blinking
Potions
 c - a potion of curing
 d - a potion of heal wounds
 e - a potion of haste
 f - 2 potions of magic
 g - a potion of berserk rage


   Skills:
 + Level 7.6 Fighting
 + Level 7.8 Axes
 + Level 4.4 Armour
 + Level 4.2 Dodging


You had 3 spell levels left.
You didn't know any spells.
Your spell library was empty.

Dungeon Overview and Level Annotations

Branches:
Dungeon (1/1)

Altars:

Annotations:
D Sigmund


Innate Abilities, Weirdness & Mutations

You have a pair of horns on your head.
You reflexively headbutt those who attack you in melee.


Message History

A red film seems to cover your vision as you go berserk!
You feel yourself moving faster!
You feel mighty! Sigmund barely misses you.
You feel a strong urge to attack something.
Sigmund smiles chillingly.
Sigmund hits you with a +5 scythe of venom!
You are poisoned.
There is an open door, spattered with blood here.
You slash Sigmund!
Sigmund is heavily wounded.
You feel sick.
Sigmund drinks a potion.
Sigmund is healed!
You barely miss Sigmund.
You feel sick.
You closely miss Sigmund.
You feel sick.
Sigmund hits you with a +5 scythe of venom!
You are more poisoned.
You closely miss Sigmund.
You feel very sick.
Sigmund hits you with a +5 scythe of venom.
You are more poisoned.
You barely miss Sigmund.
You feel very sick.
You closely miss Sigmund.
You feel very sick.
Sigmund hits you with a +5 scythe of venom!
You are more poisoned.
You slash Sigmund!
Sigmund is heavily wounded.
You feel very sick.
You hit Sigmund but do no damage. You headbutt Sigmund!
Sigmund is severely wounded.
You feel very sick.
Sigmund hits you with a +5 scythe of venom!
* * * LOW HITPOINT WARNING * * *
You are more poisoned.
You barely miss Sigmund. Your headbutt misses Sigmund.
Sigmund is severely wounded.
* * * LOW HITPOINT WARNING * * *
You feel very sick.
You hit Sigmund.
Sigmund is almost dead.
You die...

#############
#<.#..)..#..+
#..[..#..@@.#
#..#####+####
#..# #..#
#..# #⌠⌠#
####


You could see Sigmund.

Vanquished Creatures
  An ogre (D)
  Ijyb (D)
2 creatures vanquished.

Notes
Turn   | Place    | Note
-------+----------+-------------------------------------------
     0 | D        | EldarEldrad the Minotaur Berserker began the quest for the
                  | Orb.
     0 | D        | Reached XP level 1. HP: 19/19 MP: 0/0
     1 | D        | Noticed Ijyb
    10 | D        | Killed Ijyb
    11 | D        | Reached skill level 5 in Fighting
    11 | D        | Reached skill level 5 in Axes
    11 | D        | Reached XP level 2. HP: 9/29 MP: 1/1
   263 | D        | Noticed an ogre
   269 | D        | Killed an ogre
   270 | D        | Reached XP level 3. HP: 40/40 MP: 2/2
   270 | D        | Reached XP level 4. HP: 48/48 MP: 3/3
   318 | D        | Noticed Sigmund
   329 | D        | HP: 2/72 [poisoned by Sigmund]
   330 | D        | Succumbed to Sigmund's poison

Illustrated notes

Levels and vault maps discovered:
D:        dungeon_sprint_1 [red_sonja_temple_1, red_sonja_temple_small_1]

Skill      XL: |  1  2 |
---------------+-------+-----
Fighting       | 5 7 |  7.6
Axes           | 5 7 |  7.8
Armour         | 3 4 |  4.4
Dodging        | 3 4 |  4.2

Action                   |  1- 3 |  4- 6 || total
-------------------------+-------+-------++-------
Melee: Hand axe          |    11 |    10 ||    21
       Headbutt          |       |     1 ||     1
Invok: Berserk           |     2 |     1 ||     3
Dodge: Dodged            |     2 |     1 ||     3

Table legend: (Time is in decaauts)
 A = Elapsed time spent in this place.
 B = Non-inter-level travel time spent in this place.
 C = Inter-level travel time spent in this place.
 D = Time resting spent in this place.
 E = Time spent auto-exploring this place.
 F = Levels seen in this place.
 G = Mean time per level.
                   A        B        C        D        E       F      G
               +--------+--------+--------+--------+--------+-----+--------+
         Total |    346 |    346 |      0 |    305 |      0 |   1 |  346.0 |
       Dungeon |    346 |    346 |      0 |    305 |      0 |   1 |  346.0 |
               +--------+--------+--------+--------+--------+-----+--------+

Top non-repeatable levels by time:
       D: 346 daAuts
